 Dungeon Crawl Stone Soup version 0.29-a0-414-g5075937ec3 (webtiles) character file.

Game seed: 7409919153622362239

38 exilicon the Conjurer (level 3, -3/27 HPs)
             Began as a Draconian Conjurer on May 15, 2022.
             Slain by an orc priest
             ... wielding a +0 hand axe
              (4 damage)
             ... on level 3 of the Dungeon.
             The game lasted 00:07:13 (3513 turns).

exilicon the Conjurer (Draconian Conjurer)          Turns: 3513, Time: 00:07:13

Health: -3/27      AC:  7    Str:  9    XL:     3   Next: 25%
Magic:  6/6        EV: 12    Int: 20    God:
Gold:   188        SH:  0    Dex:  9    Spells: 3/6 levels left

rFire   . . .      SeeInvis .   (no weapon)
rCold   . . .      Faith    .   (no shield)
rNeg    . . .      Spirit   .   (body armour unavailable)
rPois   .          Reflect  .   (helmet restricted)
rElec   .          Harm     .   (no cloak)
rCorr   .          Rampage  .   f - +0 pair of gloves
Will    .....                   b - +0 pair of boots
Stlth   ++........              (no amulet)
HPRegen 0.09/turn               (no ring)
MPRegen 0.10/turn               (no ring)

@: no status effects
A: AC +5, unfitting armour, cold-blooded
a: no special abilities


You were on level 3 of the Dungeon.
You visited 1 branch of the dungeon, and saw 3 of its levels.

You collected 188 gold pieces.

Inventory:

Missiles
 l - a throwing net
Armour
 b - a +0 pair of boots (worn)
 f - a +0 pair of gloves (worn)
 i - a +1 helmet
Jewellery
 h - a +6 ring of strength
Scrolls
 g - a scroll of poison {unknown}
Potions
 a - a potion of magic
 c - 2 potions of invisibility {unknown}
 d - 2 potions of curing {unknown}
 e - a potion of flight {unknown}
 j - 2 potions of cancellation {unknown}
 k - 3 potions of heal wounds {unknown}
 m - 2 potions of haste


   Skills:
 * Level 0.5 Fighting
 - Level 2.0 Dodging
 + Level 2.2 Stealth
 + Level 2.2 Spellcasting
 + Level 4.6 Conjurations


You had 3 spell levels left.
You knew the following spells:

 Your Spells              Type           Power      Damage    Failure   Level
a - Magic Dart            Conj           80%        1d7       2%          1
b - Searing Ray           Conj           40%        2d5       3%          2

Your spell library contained the following spells:

 Spells                   Type           Power      Damage    Failure   Level
 Dazzling Flash           Conj/Hex       22%        N/A       19%         3
 Fulminant Prism          Conj/Hex       5%         3d7       52%         4
 Iskenderun's Mystic Bla  Conj/Tloc      11%        2d4       52%         4


Dungeon Overview and Level Annotations

Branches:
Dungeon (3/15)

Altars:


Innate Abilities, Weirdness & Mutations

Your plain brown scales are hard. (AC +5)
You cannot fit into any form of body armour.
You are cold-blooded and may be slowed by cold attacks.


Message History

The jackal attacks as you move away! The jackal closely misses you.
The orc priest casts a cantrip, but nothing happens.
The jackal closely misses you. The jackal bites you. The jackal misses you.
The jackal attacks as you move away!
The jackal bites you but does no damage.
The orc priest miscasts a cantrip.
The jackal bites you but does no damage.
The jackal attacks as you move away!
The jackal bites you but does no damage.
The jackal barely misses you. The jackal attacks as you move away!
The jackal misses you.
An orc wizard appears from thin air!
Reactivating autopickup.
The orc wizard gestures wildly while chanting.
The orc wizard flickers and vanishes!
Deactivating autopickup; reactivate with Ctrl-A.
The jackal closely misses you. The jackal barely misses you.
The orc priest mumbles some strange prayers to Beogh against you.
Beogh smites you!
* * * LOW HITPOINT WARNING * * *
The jackal attacks as you move away! The jackal misses you.
The jackal bites you but does no damage.
The jackal attacks as you move away! The jackal closely misses you.
The jackal bites you but does no damage.
The jackal attacks as you move away!
The jackal bites you but does no damage.
The jackal bites you but does no damage.
The jackal bites you but does no damage.
The jackal barely misses you.
The orc priest hits you with a +0 hand axe.
* * * LOW HITPOINT WARNING * * *
The orc priest hits you but does no damage. x2
The jackal bites you but does no damage.
The jackal attacks as you move away!
The jackal bites you but does no damage.
The orc priest hits you with a +0 hand axe.
You die...

#.# ######## #.#
#)...... #.# #.######
#.# #.# ######## #.#
#.# #######.. ...# #.#
#.#
........####.#######.#
#.#
#.<.........h...#####.#
#.#####....@o.........#
#. #.############### #.
#.# #. ### #. ##


You could see an orc priest (fast) and a jackal.

Vanquished Creatures
  3 orcs (D:3)
  2 bats
  4 endoplasms
  3 hobgoblins
  6 jackals
  3 quokkas
  2 ball pythons (D:2)
  2 frilled lizards
  2 kobolds
  3 rats (D:1)
30 creatures vanquished.

Notes
Turn   | Place    | Note
-------+----------+-------------------------------------------
     0 | D:1      | exilicon the Draconian Conjurer began the quest for the
                  | Orb.
     0 | D:1      | Reached XP level 1. HP: 14/14 MP: 3/3
   717 | D:1      | Reached XP level 2. HP: 20/20 MP: 1/5
  1408 | D:1      | Learned a level 2 spell: Searing Ray
  1713 | D:2      | Found a faded altar of an unknown god.
  2613 | D:3      | Reached XP level 3. HP: 27/27 MP: 3/6
  3499 | D:3      | HP: 1/27 [orc priest/divine providence (12)]
  3510 | D:3      | HP: 1/27 [orc priest/+0 hand axe (1)]
  3513 | D:3      | Slain by an orc priest

Illustrated notes

Levels and vault maps discovered:
D:1:      psy_arrival_conway, layout_loops_cross, nicolae_figureground_sparkle
D:2:      layout_loops_corners, shapermc_ecumenical_altar_pompeii, minivault_5
D:3:      layout_basic, serial_shops,
          nicolae_shop_temple_entry_statues_fountains

Skill      XL: |  1  2 |
---------------+-------+-----
Stealth        | 2 |  2.2
Dodging        | 2 |  2.0
Fighting       | |  0.5
Spellcasting   | |  2.2
Conjurations   | |  4.6

Action                   || total
-------------------------++-------
 Cast: Magic Dart        ||    76
Armor: Skin              ||    28
Dodge: Dodged            ||    41

Table legend: (Time is in decaauts)
 A = Elapsed time spent in this place.
 B = Non-inter-level travel time spent in this place.
 C = Inter-level travel time spent in this place.
 D = Time resting spent in this place.
 E = Time spent auto-exploring this place.
 F = Levels seen in this place.
 G = Mean time per level.
                   A        B        C        D        E       F      G
               +--------+--------+--------+--------+--------+-----+--------+
         Total |   3520 |   3413 |    107 |   1206 |   1689 |   3 | 1173.3 |
       Dungeon |   3520 |   3413 |    107 |   1206 |   1689 |   3 | 1173.3 |
               +--------+--------+--------+--------+--------+-----+--------+

Top non-repeatable levels by time:
     D:2: 1463 daAuts
     D:1: 1276 daAuts
     D:3: 780 daAuts
